 Dungeon Crawl Stone Soup version 0.22.0 (webtiles) character file.

19677 MovingMist the Nimble (level 12, -7/79 HPs)
             Began as a Gargoyle Fighter on Aug 11, 2018.
             Was a High Priest of Okawaru.
             Mangled by a death yak (10 damage)
             ... on level 2 of the Lair of Beasts.
             The game lasted 00:34:54 (14481 turns).

MovingMist the Nimble (Gargoyle Fighter)           Turns: 14481, Time: 00:34:54

Health: -7/79      AC: 28    Str: 29    XL:     12   Next: 71%
Magic:  12/12      EV: 13    Int: 10    God:    Okawaru [*****.]
Gold:   616        SH:  4    Dex: 12    Spells: 11/11 levels left

rFire    . . .     SeeInvis .   D - +2 dire flail (crush)
rCold    . . .     Gourm    .   (shield currently unavailable)
rNeg     + . .     Faith    .   l - +0 plate armour
rPois    ∞         Spirit   .   j - +0 helmet
rElec    +         Reflect  +   (no cloak)
rCorr    .         Harm     .   a - +2 pair of gloves
MR       .....                  (no boots)
Stlth    ..........             J - +4 amulet of reflection
HPRegen  0.23/turn              c - +3 ring of slaying
MPRegen  0.13/turn              g - +3 ring of strength

@: mighty
A: negative energy resistance 1, electricity resistance, unbreathing,
petrification resistance, rot immunity, AC +8
a: Heroism, Finesse, Renounce Religion


You were on level 2 of the Lair of Beasts.
You worshipped Okawaru.
Okawaru was extremely pleased with you.
You were not hungry.

You visited 2 branches of the dungeon, and saw 13 of its levels.

You collected 778 gold pieces.
You spent 162 gold pieces at shops.

Inventory:

Hand Weapons
 D - a +2 dire flail of crushing (weapon)
Armour
 a - a +2 pair of gloves (worn)
 j - a +0 helmet (worn)
 l - a +0 plate armour (worn)
 K - the +0 buckler "Tereucky" {rPois rF+ rC+ SInv}
   (Okawaru gifted it to you on level 11 of the Dungeon)

   It protects you from fire.
   It protects you from cold.
   It protects you from poison.
   It lets you see invisible.
Jewellery
 c - a +3 ring of slaying (left hand)
 g - a +3 ring of strength (right hand)
 i - an uncursed ring of flight
 p - a +3 ring of protection
 I - an uncursed ring of positive energy
 J - a +4 amulet of reflection (around neck)
Wands
 G - a wand of digging (11)
Scrolls
 b - 4 scrolls of noise {unknown}
 h - 4 scrolls of remove curse
 m - 7 scrolls of teleportation
 n - a scroll of fog {unknown}
 r - 6 scrolls of identify
 t - 3 scrolls of amnesia {unknown}
 u - 3 scrolls of fear {unknown}
 w - 2 scrolls of immolation {unknown}
 y - 3 scrolls of magic mapping {unknown}
 z - 2 scrolls of blinking
 A - 4 scrolls of enchant weapon {unknown}
 B - 3 scrolls of enchant armour {unknown}
 E - a scroll of holy word {unknown}
Potions
 d - 2 potions of might
 e - 5 potions of flight
 k - 2 potions of ambrosia {unknown}
 o - 4 potions of brilliance
 q - a potion of mutation {unknown}
 s - 3 potions of agility {unknown}
 x - 5 potions of curing {unknown}
 C - a potion of degeneration {unknown}
 F - 3 potions of heal wounds {unknown}
 H - 2 potions of cancellation {unknown}
Comestibles
 f - 14 rations
 v - 21 chunks of flesh


   Skills:
 + Level 10.7 Fighting
 + Level 9.6 Maces & Flails
 + Level 10.6 Armour
 * Level 11.0 Dodging
 - Level 3.2 Shields


You had 11 spell levels left.
You didn't know any spells.
Your spell library contained the following spells:

 Spells                   Type           Power        Failure   Level  Hunger
 Fireball                 Conj/Fire      #.........   100%        5    ######.
 Conjure Flame            Conj/Fire      #.......     100%        3    ####...
 Lightning Bolt           Conj/Air       #.........   100%        5    ######.
 Confuse                  Hex            #.......     100%        3    ####...
 Throw Flame              Conj/Fire      #.....       99%         2    ###....
 Summon Small Mammal      Summ           #...         95%         1    ##.....
 Sticky Flame             Conj/Fire      #.......     100%        4    #####..
 Summon Ice Beast         Ice/Summ       #.......     100%        4    #####..
 Call Imp                 Summ           #.......     99%         2    ###....
 Tukima's Dance           Hex            #.......     100%        3    ####...
 Shock                    Conj/Air       #...         95%         1    ##.....
 Swiftness                Chrm/Air       #.......     99%         2    ###....
 Airstrike                Air            #.........   100%        4    #####..
 Flame Tongue             Conj/Fire      #....        95%         1    ##.....
 Call Canine Familiar     Summ           #.......     100%        3    ####...
 Ensorcelled Hibernation  Hex/Ice        #.....       99%         2    ###....
 Static Discharge         Conj/Air       #.......     100%        3    ####...
 Corona                   Hex            #......      95%         1    ##.....
 Inner Flame              Hex/Fire       #.......     100%        3    ####...
 Dazzling Spray           Conj/Hex       #.....       100%        3    ####...
 Summon Lightning Spire   Summ/Air       #.......     100%        4    #####..
 Summon Guardian Golem    Hex/Summ       #.......     100%        3    ####...


Dungeon Overview and Level Annotations

Branches:
Dungeon (11/15)            Temple (0/1) D:7            Lair (2/6) D:11
 Shoals (0/4) Lair:2
  Snake: Lair:2-4    Spider: Lair:2-4       Orc: D:9-12

Altars:
Dithmenos
Gozag
Kikubaaqudgha
Okawaru
Qazlal
Ru
Uskayaw
Vehumet
Xom
Yredelemnul
The Shining One

Shops:
D:5 ?}?**   D:7 *   D:8 (

Annotations:
D:5 2 transporters, wojtek's ghost, novice MiFi


Innate Abilities, Weirdness & Mutations

You are resistant to torment.
Your stone body is resilient. (AC +8)
You are immune to poison.
You resist negative energy. (rN+)
You are resistant to electric shocks. (rElec)
You can survive without breathing.
You are immune to petrification.
You are immune to rotting.


Message History

The death yak is severely wounded.
The death yak gores you!
* * * LOW HITPOINT WARNING * * *
You hit the death yak.
The death yak is severely wounded.
The death yak completely misses you.
You feel very mighty all of a sudden.
The death yak gores you but does no damage.
You bludgeon the death yak!!
You kill the death yak!
Okawaru is honoured by your kill.
Your Dodging skill increases to level 11!
You hit the death yak.
The death yak is moderately wounded.
The death yak gores you.
* * * LOW HITPOINT WARNING * * *
You bludgeon the death yak!!
The death yak is severely wounded.
The death yak gores you!
You die...

..#####.#.##...... ..
#.#P#P.##.....P# .#
..............###.#.#
.....................
.#.####.###..........
.### ### ##..####### ..#
###..##
h######P.##....####.####
...hY†........YY@.......
...Y......####h####.P...
.........## ##Y .P#
.........# ## #
........... ............
#.###.##.##. #.# ## ##


You could see 2 death yaks and a wolf.

Vanquished Creatures
  A two-headed ogre (D:11)
  2 death yaks (Lair:2)
  The ghost of adept the Cleaver, a journeyman GrFi of Okawaru (D:10)
  Urug (D:11)
  Nergalle (D:10)
  An unseen horror (D:10)
  Pikel (D:8)
  An elephant (D:10)
  2 centaur zombies
  A spiny frog (Lair:1)
  2 komodo dragons
  A rime drake (Lair:1)
  A troll (D:11)
  6 hippogriffs
  Prince Ribbit (D:7)
  A wyvern (Lair:2)
  A spriggan (D:7)
  A wraith (D:10)
  21 yaks
  A basilisk (D:10)
  4 hungry ghosts
  Edmund (D:6)
  Grum (D:11)
  2 water moccasins
  Duvessa (D:7)
  2 porcupines
  3 orc warriors
  A black bear (D:8)
  3 ice beasts
  3 sky beasts (D:10)
  2 necrophages (D:7)
  An eye of draining (D:11)
  4 phantoms
  4 ogres
  8 wolves
  8 centaurs
  2 big kobolds
  4 crocodiles
  13 bullfrogs
  Dowan (D:7)
  2 scorpions
  10 wights
  5 killer bees (D:11)
  6 howler monkeys
  5 crimson imps
  A quasit (D:8)
  2 jellies
  3 orc priests
  5 hounds
  3 iguanas
  8 orc wizards
  2 worker ants
  2 hound skeletons
  A worker ant zombie (D:5)
  7 gnolls
  13 adders
  2 shadow imps
  2 oozes
  3 adder skeletons
  2 worms (D:2)
  3 dart slugs
  6 leopard geckos
  34 orcs
  2 ball pythons (D:1)
  6 bats
  6 giant cockroaches
  14 hobgoblins
  15 jackals
  6 quokkas
  7 frilled lizards
  A giant cockroach zombie (D:6)
  7 goblins
  A jackal skeleton (D:5)
  A jackal zombie (D:8)
  29 kobolds
  A quokka skeleton (D:4)
  A quokka zombie (D:5)
  10 rats
350 creatures vanquished.

Vanquished Creatures (others)
  5 dream sheep (D:9)
  An orc wizard (D:8)
  A worker ant (D:7)
  An adder zombie (D:6)
  2 orcs
  A jackal (D:8)
  3 plants
14 creatures vanquished.

Grand Total: 364 creatures vanquished

Notes
Turn   | Place    | Note
-------+----------+-------------------------------------------
     0 | D:1      | MovingMist the Gargoyle Fighter began the quest for the Orb.
     0 | D:1      | Reached XP level 1. HP: 14/14 MP: 1/1
   247 | D:1      | Reached XP level 2. HP: 16/19 MP: 2/2
   344 | D:1      | Reached skill level 1 in Dodging
   390 | D:1      | Reached XP level 3. HP: 13/23 MP: 3/3
   996 | D:2      | Reached XP level 4. HP: 23/29 MP: 4/4
  1117 | D:2      | Found a hide-covered altar of Uskayaw.
  1120 | D:2      | Noticed a hand axe
  1121 | D:2      | Noticed a hand axe
  1294 | D:2      | Reached skill level 2 in Dodging
  1969 | D:3      | Reached XP level 5. HP: 33/33 MP: 5/5
  2352 | D:3      | Found an opulent altar of Gozag.
  2555 | D:3      | Found a radiant altar of Vehumet.
  2810 | D:4      | Noticed a phantom
  2841 | D:4      | Killed a phantom
  2841 | D:4      | Reached skill level 3 in Dodging
  2841 | D:4      | Reached XP level 6. HP: 29/39 MP: 6/6
  2924 | D:4      | Noticed a phantom
  2958 | D:4      | Killed a phantom
  3008 | D:4      | Reached XP level 7. HP: 42/44 MP: 7/7
  3466 | D:4      | Found a sacrificial altar of Ru.
  3823 | D:5      | Entered Level 5 of the Dungeon
  3823 | D:5      | Found Hoysch's General Store.
  3823 | D:5      | Found Nemag's Magic Scroll Emporium.
  3853 | D:4      | Reached skill level 5 in Armour
  3860 | D:4      | Reached skill level 5 in Fighting
  3860 | D:4      | Reached skill level 4 in Dodging
  4222 | D:5      | Bought a scroll of teleportation for 36 gold pieces
  4222 | D:5      | Bought a scroll of blinking for 90 gold pieces
  4222 | D:5      | Bought a scroll of remove curse for 36 gold pieces
  4244 | D:5      | Found Vooll's Assorted Antiques.
  4369 | D:5      | Reached XP level 8. HP: 49/49 MP: 8/8
  4678 | D:5      | Found a transporter.
  4678 | D:5      | Noticed wojtek's ghost (novice MiFi)
  4682 | D:5      | Found a transporter.
  4745 | D:5      | Found Opeimeso's Gadget Shop.
  4757 | D:5      | Noticed a hippogriff
  4777 | D:5      | Killed a hippogriff
  4826 | D:5      | Found Utunaz's Magic Scroll Boutique.
  5038 | D:6      | Noticed Edmund
  5065 | D:6      | Killed Edmund
  5122 | D:6      | Reached skill level 5 in Dodging
  5196 | D:6      | Found an ancient bone altar of Kikubaaqudgha.
  5648 | D:6      | Reached skill level 5 in Maces & Flails
  5906 | D:6      | Noticed a yak
  5911 | D:6      | Noticed a yak
  5911 | D:6      | Noticed a yak
  5911 | D:6      | Noticed a yak
  5938 | D:6      | Noticed a yak
  6129 | D:5      | Killed a yak
  6129 | D:5      | Reached XP level 9. HP: 28/55 MP: 9/9
  6147 | D:5      | Reached skill level 6 in Dodging
  6532 | D:6      | Found a stormy altar of Qazlal.
  6754 | D:6      | Found a sacrificial altar of Ru.
  6754 | D:6      | Found an iron altar of Okawaru.
  6848 | D:6      | Became a worshipper of Warmaster Okawaru
  6888 | D:6      | Found a shadowy altar of Dithmenos.
  7130 | D:7      | Found a staircase to the Ecumenical Temple.
  7194 | D:7      | Noticed Prince Ribbit
  7223 | D:7      | Reached * piety under Okawaru
  7232 | D:7      | Paralysed by fainting for 12 turns
  7249 | D:7      | Reached skill level 7 in Dodging
  7252 | D:7      | Noticed Duvessa
  7271 | D:7      | Noticed Dowan
  7282 | D:7      | Killed Duvessa
  7288 | D:7      | Reached XP level 10. HP: 48/63 MP: 10/10
  7295 | D:7      | Killed Dowan
  7330 | D:7      | Killed Prince Ribbit
  7659 | D:7      | Reached ** piety under Okawaru
  7667 | D:7      | Found Nyfium's General Store.
  7726 | D:7      | Found a basalt altar of Yredelemnul.
  7726 | D:7      | Found a glowing golden altar of the Shining One.
  7886 | D:7      | Noticed a profane servitor
  7892 | D:7      | Noticed an angel
  8260 | D:8      | Noticed Pikel
  8273 | D:8      | Killed Pikel
  8273 | D:8      | Reached skill level 8 in Dodging
  8357 | D:8      | Reached *** piety under Okawaru
  8980 | D:8      | Found Nyom's Weapon Emporium.
  9522 | D:9      | Reached **** piety under Okawaru
  9522 | D:9      | Reached XP level 11. HP: 61/69 MP: 11/11
 10038 | D:9      | Reached skill level 9 in Dodging
 10084 | D:9      | Found a shimmering altar of Xom.
 10430 | D:10     | Entered Level 10 of the Dungeon
 10659 | D:10     | Noticed Nergalle
 10676 | D:10     | Killed Nergalle
 10743 | D:10     | Killed an unseen horror
 11337 | D:10     | Found a runed door.
 11337 | D:10     | Noticed adept's ghost (journeyman GrFi)
 11356 | D:10     | Killed adept's ghost
 11356 | D:10     | Reached ***** piety under Okawaru
 11687 | D:11     | Found a staircase to the Lair.
 11877 | D:11     | Noticed a two-headed ogre
 11886 | D:11     | Killed a two-headed ogre
 11886 | D:11     | Reached skill level 10 in Dodging
 11888 | D:11     | Noticed Grum
 11904 | D:11     | Killed Grum
 12094 | D:11     | Noticed Urug
 12107 | D:11     | Killed Urug
 12107 | D:11     | Received a gift from Okawaru
 12107 | D:11     | Reached XP level 12. HP: 55/77 MP: 12/12
 12110 | D:11     | Got a dazzling buckler {god gift}
 12114 | D:11     | Identified the +0 buckler "Tereucky" {rPois rF+ rC+ SInv} (Okawaru gifted it to you on level 11 of the Dungeon)
 12239 | D:11     | Reached skill level 10 in Fighting
 12239 | D:11     | Reached skill level 10 in Armour
 13102 | Lair:1   | Entered Level 1 of the Lair of Beasts
 14172 | Lair:2   | Noticed a catoblepas
 14307 | Lair:2   | Found a staircase to the Shoals.
 14412 | Lair:2   | Noticed a death yak
 14413 | Lair:2   | Noticed a death yak
 14413 | Lair:2   | Noticed a death yak
 14416 | Lair:2   | Noticed a death yak
 14419 | Lair:2   | Noticed a death yak
 14470 | Lair:2   | Killed a death yak
 14479 | Lair:2   | Killed a death yak
 14479 | Lair:2   | Reached skill level 11 in Dodging
 14480 | Lair:2   | HP: 3/79 [death yak (6)]
 14481 | Lair:2   | Mangled by a death yak

Skill      XL: |  1  2  3  4  5  6  7  8  9 10 11 12 |
---------------+-------------------------------------+-----
Dodging        | 1 2 3 4 5 7 8 10 11 | 11.0
Fighting       | 4 5 6 7 8 9 10 | 10.7
Armour         | 4 5 6 7 8 9 10 | 10.6
Maces & Flails | 3 4 5 6 7 8 9 |  9.6
Shields        | |  3.2

Action                   |  1- 3 |  4- 6 |  7- 9 | 10-12 || total
-------------------------+-------+-------+-------+-------++-------
Melee: Flail             |   166 |    19 |       |       ||   185
       Mace              |       |   198 |   199 |       ||   397
       Dire flail        |       |       |   227 |   796 ||  1023
Invok: Heroism           |       |       |       |     1 ||     1
  Use: Scroll            |       |     3 |     1 |    10 ||    14
       Potion            |       |       |       |     3 ||     3
  Eat: Chunk             |     1 |     7 |    12 |    26 ||    46
       Ration            |       |       |     1 |     2 ||     3
Armor: Scale mail        |    44 |       |       |       ||    44
       Plate armour      |    68 |   165 |   388 |   637 ||  1258
       Skin              |       |       |       |     7 ||     7
Dodge: Dodged            |    24 |    31 |   171 |   369 ||   595
Block: Shield            |    86 |   110 |   114 |       ||   310
       Other             |       |       |       |    98 ||    98
       Reflection        |       |       |       |     2 ||     2
